 Dungeon Crawl Stone Soup version 0.22-a0-362-g535178c (webtiles) character file.

19 khargal the Skirmisher (level 2, -4/26 HPs)
             Began as a Draconian Monk on Apr 21, 2018.
             Slain by Thaneod's ghost (6 damage)
             ... on level 3 of the Dungeon.
             The game lasted 00:01:50 (870 turns).

khargal the Skirmisher (Draconian Monk)              Turns: 870, Time: 00:01:51

Health: -4/26      AC:  4    Str: 13    XL:     2   Next: 55%
Magic:  2/2        EV: 13    Int: 10    God:
Gold:   84         SH:  0    Dex: 13    Spells: 1/1 levels left

rFire    . . .     SeeInvis .   e - +0 whip
rCold    . . .     Gourm    .   (no shield)
rNeg     . . .     Faith    .   (armour unavailable)
rPois    .         Spirit   .   (helmet restricted)
rElec    .         Reflect  .   (no cloak)
rCorr    .         Harm     .   (no gloves)
MR       .....                  (no boots)
Stlth    ++........             (no amulet)
HPRegen  0.08/turn              (no ring)
MPRegen  0.08/turn              (no ring)

@: no status effects
A: unfitting armour, cold-blooded, AC +4
a: no special abilities


You were on level 3 of the Dungeon.
You were not hungry.

You visited 1 branch of the dungeon, and saw 3 of its levels.

You collected 84 gold pieces.

Inventory:

Hand Weapons
 a - a +0 mace
 e - a +0 whip (weapon)
Missiles
 f - 20 poisoned needles
Scrolls
 d - 2 scrolls of random uselessness {unknown}
Potions
 c - a potion of mutation {unknown}
 g - a potion of curing {unknown}
 h - 2 potions of ambrosia {unknown}
Comestibles
 b - a ration
 i - 4 chunks of flesh


   Skills:
 + Level 3.6 Fighting
 + Level 3.3 Maces & Flails
 + Level 3.0 Dodging
 + Level 1.9 Stealth


You had one spell level left.
You didn't know any spells.

Dungeon Overview and Level Annotations

Branches:
Dungeon (2/15)

Altars:

Annotations:
D:3 Thaneod's ghost, amateur VSFi


Innate Abilities, Weirdness & Mutations

Your plain brown scales are hard. (AC +4)
You cannot fit into any form of body armour.
You are cold-blooded and may be slowed by cold attacks.


Message History

The giant cockroach bites you.
* * * LOW HITPOINT WARNING * * *
You barely miss the giant cockroach. You tail-slap the giant cockroach.
The giant cockroach is moderately wounded.
The giant cockroach closely misses you.
You hit the giant cockroach but do no damage.
The giant cockroach is moderately wounded.
The giant cockroach barely misses you. Thaneod's ghost hits you.
* * * LOW HITPOINT WARNING * * *
You closely miss the giant cockroach. You tail-slap the giant cockroach.
The giant cockroach is almost dead.
The giant cockroach closely misses you. Thaneod's ghost completely misses you.
You completely miss the giant cockroach.
The giant cockroach is almost dead.
The giant cockroach barely misses you. Thaneod's ghost closely misses you.
You completely miss the giant cockroach.
You kill the giant cockroach!
Your Dodging skill increases to level 3!
Thaneod's ghost hits you.
You die...

#..w....# ##....#
#.....#
#....########
#..#.##≈§≈≈≈≈#
.###.##).#w≈..≈≈#
.........'oo≈≈.≈#
..##.###['.oW≈§≈#
.. ... ###≈≈l@≈≈#
# #.## #≈≈§≈≈§#
.. ########


o You could see Thaneod's ghost, a dart slug, 3 orcs and a frilled lizard.

Vanquished Creatures
  A worm (D:2)
  An orc (D:3)
  A bat (D:1)
  2 giant cockroaches
  4 goblins (D:1)
  3 frilled lizards
  2 kobolds (D:1)
  A rat (D:1)
15 creatures vanquished.

Notes
Turn   | Place    | Note
-------+----------+-------------------------------------------
     0 | D:1      | khargal the Draconian Monk began the quest for the Orb.
     0 | D:1      | Reached XP level 1. HP: 19/19 MP: 1/1
     0 | D:1      | Noticed a minotaur skeleton
     0 | D:1      | Noticed a minotaur skeleton
   167 | D:1      | Reached XP level 2. HP: 26/26 MP: 2/2
   777 | D:2      | You fall through a shaft!
   855 | D:3      | Noticed Thaneod's ghost (amateur VSFi)
   870 | D:3      | Slain by Thaneod's ghost

Vault maps used:
D:1:      shiori_arrival_whats_in_store_for_you, minmay_misc_feat_room
D:2:      roderic_roman_lattice
D:3:      kennysheep_generic_room_15

Skill      XL: |  1  2 |
---------------+-------+-----
Dodging        | 3 |  3.0
Fighting       | |  3.6
Maces & Flails | |  3.3
Stealth        | |  1.9

Action                   || total
-------------------------++-------
Melee: Mace              ||    14
       Whip              ||    33
       Tailslap          ||    12
 Stab: Sleeping          ||     1
Armor: Skin              ||     8
Dodge: Dodged            ||    31

Table legend:
 A = Spawn XP
 B = Non-spawn XP
 C = Spawn XP percentage of total XP
 D = Spawn monster count
 E = Non-spawn monster count
 F = Spawn count percentage of total count
 G = Total turns spent on level
                    A         B        C        D         E        F      G
               +---------+---------+-------+---------+---------+-------+---------
         Total |       0 |      28 |   0.0 |       0 |      15 |   0.0 |   870
               +---------+---------+-------+---------+---------+-------+---------
           D:1 |       0 |      17 |   0.0 |       0 |      11 |   0.0 |   761
           D:2 |       0 |       5 |   0.0 |       0 |       1 |   0.0 |    16
           D:3 |       0 |       6 |   0.0 |       0 |       3 |   0.0 |    93
               +---------+---------+-------+---------+---------+-------+---------
